 Dungeon Crawl Stone Soup version 0.19-a0-1895-g783e625 (webtiles) character file.

16895 Sagittaire the Nimble (level 12, -14/60 HPs)
             Began as a Spriggan Arcane Marksman on Oct 18, 2016.
             Was a High Priest of Okawaru.
             Engulfed by a cloud of flame (17 damage)
             ... on level 1 of the Lair of Beasts.
             The game lasted 00:30:41 (22088 turns).

Sagittaire the Nimble (Spriggan Arcane Marksman)   Turns: 22088, Time: 00:30:41

Health: -14/60     AC:  5    Str: 14    XL:     12   Next: 14%
Magic:  22/25      EV: 27    Int: 16    God:    Okawaru [*****.]
Gold:   849        SH:  2    Dex: 15    Spells: 4 memorised, 20 levels left

rFire  . . .     SeeInvis +     a - +0 hand crossbow
rCold  . . .     Gourm    .     e - +0 robe
rNeg   . . .     Faith    .     (shield restricted)
rPois  .         Spirit   .     (helmet restricted)
rElec  .         Reflect  +     g - +2 cloak
rCorr  .         Harm     .     (gloves unavailable)
MR     +++..                    (boots unavailable)
Stlth  ++++......               F - +2 amulet of reflection
                                p - +3 ring of strength
                                q - ring of protection from magic

@: very quick
A: unfitting armour, see invisible, herbivore 3, speed 3, slow metabolism 2
a: Heroism, Finesse, Renounce Religion


You were on level 1 of the Lair of Beasts.
You worshipped Okawaru.
Okawaru was extremely pleased with you.
You were not hungry.

You visited 3 branches of the dungeon, and saw 14 of its levels.

You collected 849 gold pieces.

Inventory:

Hand Weapons
 a - a +0 hand crossbow (weapon)
 b - the +7 falchion "Egostres" {drain, +Inv rN++ Str-4 SInv}
   (You took it off a hobgoblin on level 6 of the Dungeon)

   A truly terrible weapon, it drains the life of those it strikes.
   It affects your strength (-4).
   It greatly protects you from negative energy.
   It lets you see invisible.
   It lets you turn invisible.
 v - a +1 dagger of electrocution
 C - a +1 short sword of speed
 K - a +5 quick blade
Missiles
 d - 118 bolts (quivered)
 h - 277 stones
 B - 16 sling bullets
Armour
 e - a +0 robe (worn)
 g - a +2 cloak (worn)
 M - a +0 troll leather armour
Jewellery
 p - a +3 ring of strength (right hand)
 q - a ring of protection from magic (left hand)
 w - an uncursed ring of ice
 E - a +6 ring of strength
 F - a +2 amulet of reflection (around neck)
Wands
 k - a wand of disintegration (0/24)
 r - a wand of lightning (0/15)
 s - a wand of enslavement (3/24)
 x - a wand of flame (15/48)
 L - a wand of digging (9/24)
 N - a wand of paralysis (0/24)
 Q - a wand of polymorph (9/24)
Scrolls
 m - 4 scrolls of teleportation
 u - 2 scrolls of recharging
 y - a scroll of remove curse
 D - 2 scrolls of enchant armour
 H - a scroll of fog
 J - a scroll of fear
 O - 2 scrolls of amnesia
Potions
 c - 3 potions of heal wounds
 i - 2 potions of haste
 t - a potion of agility
 z - a potion of flight
 I - 2 potions of magic
 P - a potion of cure mutation
Books
 l - a book of Cantrips

   Spells                             Type                      Level
   a - Confusing Touch                Hexes                        1
   b - Animate Skeleton               Necromancy                   1
   c - Summon Small Mammal            Summoning                    1
   d - Apportation                    Translocation                1
 n - a book of Debilitation

   Spells                             Type                      Level
   a - Corona                         Hexes                        1
   b - Slow                           Hexes                        2
   c - Gell's Gravitas                Hexes/Translocation          3
   d - Inner Flame                    Hexes/Fire                   3
   e - Cause Fear                     Hexes                        4
   f - Leda's Liquefaction            Hexes/Earth                  4
 A - a book of Conjurations

   Spells                             Type                      Level
   a - Magic Dart                     Conjuration                  1
   b - Searing Ray                    Conjuration                  2
   c - Dazzling Spray                 Conjuration/Hexes            3
   d - Fulminant Prism                Conjuration/Hexes            4
   e - Iskenderun's Mystic Blast      Conjuration                  4
   f - Iskenderun's Battlesphere      Conjuration/Charms           5
Comestibles
 f - 4 bread rations
 j - 3 slices of pizza
 o - 2 fruits
 G - a royal jelly


   Skills:
 - Level 5.8 Fighting
 - Level 4.1 Short Blades
 * Level 10.5 Crossbows
 - Level 12.1 Dodging
 - Level 9.8 Stealth
 - Level 8.0 Spellcasting
 - Level 9.0 Hexes
 - Level 3.6 Translocations
 - Level 4.8 Invocations


You had 20 spell levels left.
You knew the following spells:

 Your Spells              Type           Power        Failure   Level  Hunger
a - Corona                Hex            #####..      1%          1    None
b - Slow                  Hex            #####...     1%          2    None
c - Inner Flame           Hex/Fire       ###.....     6%          3    ##.....
A - Apportation           Tloc           ###.......   2%          1    None


Dungeon Overview and Level Annotations

Branches:
Dungeon (12/15)            Temple (1/1) D:5            Lair (1/6) D:10
    Orc (0/2) D:9

Altars:
Ashenzari
Cheibriados
Dithmenos
Fedhas
Hepliaklqana
Kikubaaqudgha
Nemelex Xobeh
Okawaru
Qazlal
Ru
Trog
Uskayaw
Yredelemnul
Zin
The Shining One

Annotations:
D:3 Lochraine's ghost, amateur DrAE
D:4 anet's ghost, amateur DEWz


Innate Abilities, Weirdness & Mutations

You are very small and have problems with some larger weapons.
You are too small for most types of armour.
You have supernaturally acute eyesight. (SInv)
You are a herbivore.
You cover ground extremely quickly.
You need consume almost no food.


Message History

You kill the yak!
Okawaru accepts your kill.
The yak gores something!
Firing (i - inventory. (,) - cycle):
d - 119 bolts (quivered)
Press: ? - help, Shift-Dir - straight line, f - yak
Aim: a yak (severely wounded, slow, inner flame)
You shoot a bolt. The bolt hits the yak!
The yak explodes!
The fiery explosion engulfs the yak.
You kill the yak!
Okawaru accepts your kill.
The fiery explosion engulfs the yak.
You kill the yak!
Okawaru accepts your kill. The fiery explosion engulfs you!
Ouch! That really hurt!
* * * LOW HITPOINT WARNING * * *
Okawaru accepts your kill.
You are engulfed in roaring flames.
You die...

#.####..................##.....
#.#P#..................###.####
#..#.###...............#..## #
#...###.#.%................###
##...###......................
#.##...(..%..P#...#.#........#
#. ##(.....§§###...##....#...#
. #.##....§(##..####....#..#.
## #(####...##@...####.......##
#YY##.#...##.###.##..........
#..........#..# #....†.#.....#
#...Y####...##.# #....####...##
#.. ##.....####...# ##...# #..
###...##P...## #.....
##......#.# #...#. #....#####
##...# ##.### ###..


There were no monsters in sight!

Vanquished Creatures
  A hydra (Lair:1)
  A cyclops (D:11)
  A centaur zombie (D:12)
  3 spiny frogs (Lair:1)
  2 kobold demonologists (D:10)
  The ghost of Raws the Slasher, a novice HEGl of Makhleb (D:5)
  2 komodo dragons (Lair:1)
  3 trolls
  2 two-headed ogres (D:11)
  2 hornets
  Grinder (D:4)
  3 hippogriffs (D:11)
  A vampire (D:11)
  22 yaks
  Grum (D:8)
  2 hungry ghosts
  Menkaure (D:4)
  A hell hound (D:10)
  2 water moccasins (Lair:1)
  5 sky beasts
  6 orc warriors
  4 ice beasts
  A black bear (D:7)
  An eye of draining (D:11)
  4 ogres
  2 phantoms
  A necrophage (D:7)
  A centaur (D:9)
  8 wolves
  A crocodile (Lair:1)
  3 big kobolds
  11 bullfrogs
  4 scorpions
  8 wights
  8 howler monkeys
  An electric eel (D:6)
  3 crimson imps
  2 bullfrog zombies
  9 hounds
  19 orc wizards
  2 centaur skeletons
  4 jellies
  Crazy Yiuf (D:6)
  16 orc priests
  4 iguanas
  8 worker ants
  A worker ant zombie (D:6)
  Robin (D:2)
  A howler monkey zombie (D:6)
  13 adders
  2 shadow imps
  An adder zombie (D:9)
  2 adder skeletons
  2 dart slugs
  5 leopard geckos
  81 orcs
  3 giant cockroaches
  20 goblins
  15 hobgoblins
  22 jackals
  23 kobolds
  5 quokkas
  6 bats
  6 frilled lizards
  2 jackal skeletons
  A quokka zombie (D:7)
  5 rats
406 creatures vanquished.

Vanquished Creatures (collateral kills)
  A jelly (D:11)
1 creature vanquished.

Vanquished Creatures (others)
  5 fungi (Lair:1)
  A plant (D:6)
6 creatures vanquished.

Grand Total: 413 creatures vanquished

Notes
Turn   | Place    | Note
-------+----------+-------------------------------------------
     0 | D:1      | Sagittaire the Spriggan Arcane Marksman began the quest for the Orb.
     0 | D:1      | Reached XP level 1. HP: 9/9 MP: 3/3
   322 | D:1      | Reached XP level 2. HP: 13/14 MP: 5/5
   924 | D:1      | Learned a level 2 spell: Slow
  1058 | D:1      | Reached XP level 3. HP: 13/17 MP: 2/7
  1105 | D:2      | Noticed Robin
  1807 | D:2      | Reached skill level 4 in Dodging
  2028 | D:2      | Killed Robin
  2028 | D:2      | Reached XP level 4. HP: 17/21 MP: 8/8
  2575 | D:2      | Learned a level 3 spell: Inner Flame
  2888 | D:3      | Noticed Lochraine's ghost (amateur DrAE)
  3206 | D:3      | Gained mutation: Your mind is acute. (Int +2) [potion of mutation]
  3206 | D:3      | Gained mutation: Potions and wands are less effective at restoring your health. [potion of mutation]
  3369 | D:4      | Found a sacrificial altar of Ru.
  3380 | D:4      | Noticed Menkaure
  3393 | D:4      | Killed Menkaure
  3393 | D:4      | Reached skill level 5 in Dodging
  3393 | D:4      | Reached skill level 5 in Hexes
  3393 | D:4      | Reached XP level 5. HP: 25/25 MP: 8/11
  3423 | D:4      | Found a bloodstained altar of Trog.
  3558 | D:4      | Reached XP level 6. HP: 18/29 MP: 8/12
  3742 | D:4      | Found a shattered altar of Ashenzari.
  3872 | D:4      | Noticed Grinder
  3894 | D:4      | Killed Grinder
  3894 | D:4      | Reached skill level 6 in Dodging
  3894 | D:4      | Reached XP level 7. HP: 29/32 MP: 11/14
  4085 | D:4      | Found a hide-covered altar of Uskayaw.
  4374 | D:4      | Noticed anet's ghost (amateur DEWz)
  4570 | D:5      | Entered Level 5 of the Dungeon
  4855 | D:5      | Reached skill level 5 in Spellcasting
  4997 | D:5      | Found a snail-covered altar of Cheibriados.
  5034 | D:5      | Found a staircase to the Ecumenical Temple.
  5049 | D:5      | Reached skill level 7 in Dodging
  5109 | Temple   | Entered the Ecumenical Temple
  5124 | Temple   | Became a worshipper of Warmaster Okawaru
  5188 | D:5      | Found a shadowy altar of Dithmenos.
  5310 | D:5      | Reached XP level 8. HP: 37/37 MP: 8/17
  5410 | D:5      | Found a basalt altar of Yredelemnul.
  5559 | D:5      | Noticed Raws's ghost (novice HEGl)
  5684 | D:5      | Killed Raws's ghost
  5684 | D:5      | Reached skill level 5 in Crossbows
  5919 | D:6      | Reached skill level 8 in Dodging
  5971 | D:6      | Reached * piety under Okawaru
  6245 | D:6      | Reached skill level 1 in Short Blades
  6829 | D:6      | Found a runed door.
  6889 | D:6      | Got a shimmering falchion {drain}
  6890 | D:6      | Identified the +7 falchion "Egostres" {drain, +Inv rN++ Str-4 SInv} (You took it off a hobgoblin on level 6 of the Dungeon)
  7441 | D:6      | Reached XP level 9. HP: 27/40 MP: 20/20
  7786 | D:6      | Noticed Crazy Yiuf
  7802 | D:6      | Killed Crazy Yiuf
  7802 | D:6      | Reached ** piety under Okawaru
  8737 | D:7      | Reached skill level 9 in Dodging
  9268 | D:6      | Reached skill level 1 in Fighting
  9495 | D:7      | Reached skill level 1 in Invocations
 10496 | D:6      | Reached skill level 10 in Dodging
 10989 | D:7      | Reached *** piety under Okawaru
 11355 | D:7      | Found a glowing silver altar of Zin.
 11355 | D:7      | Found a sparkling altar of Nemelex Xobeh.
 12041 | D:8      | Found a glowing golden altar of the Shining One.
 12090 | D:8      | Reached XP level 10. HP: 40/47 MP: 22/22
 12105 | D:8      | Lost mutation: Your mind is acute. (Int +2) [potion of cure mutation]
 12105 | D:8      | Lost mutation: Potions and wands are less effective at restoring your health. [potion of cure mutation]
 12183 | D:8      | Noticed Grum
 12407 | D:8      | Killed Grum
 13653 | D:9      | Found a staircase to the Orcish Mines.
 14076 | D:9      | Reached skill level 11 in Dodging
 14228 | D:9      | Received a gift from Okawaru
 14687 | D:9      | Reached **** piety under Okawaru
 14688 | D:9      | Reached skill level 5 in Fighting
 15476 | D:8      | Reached skill level 12 in Dodging
 15984 | D:10     | Entered Level 10 of the Dungeon
 16014 | D:10     | Reached ***** piety under Okawaru
 16026 | D:10     | Learned a level 1 spell: Apportation
 16067 | D:10     | Reached XP level 11. HP: 41/54 MP: 20/23
 16196 | D:10     | Found a staircase to the Lair.
 16227 | D:10     | Received a gift from Okawaru
 16227 | D:10     | Reached skill level 1 in Stealth
 16314 | D:10     | Identified a scroll of acquirement
 17162 | D:11     | Received a gift from Okawaru
 17850 | D:11     | Received a gift from Okawaru
 17850 | D:11     | Reached skill level 5 in Stealth
 19246 | D:11     | Paralysed by a hornet for 2 turns
 19860 | D:11     | Reached skill level 1 in Translocations
 19914 | D:11     | Received a gift from Okawaru
 20424 | Lair:1   | Entered Level 1 of the Lair of Beasts
 20871 | Lair:1   | Noticed a five-headed hydra
 21073 | Lair:1   | Received a gift from Okawaru
 21079 | Lair:1   | HP: 2/56 [yak (16)]
 21872 | Lair:1   | Killed a five-headed hydra
 21872 | Lair:1   | Received a gift from Okawaru
 21872 | Lair:1   | Reached XP level 12. HP: 60/60 MP: 18/25
 21882 | Lair:1   | Reached skill level 10 in Crossbows
 22088 | Lair:1   | HP: 3/60 [yak/exploding inner flame[the player character] (53)]
 22088 | Lair:1   | Engulfed by a cloud of flame

Vault maps used:
D:1:      scummos_arrival_simple_fountains, hangedman_decor_diamond_cutter
D:2:      first_bread, st_stairs_7, uniq_robin
D:3:      minivault_25
D:4:      hangedman_ru_absence, nicolae_overflow_crystal_walls,
          marbit_many_paths, ashenzari_altar_1, uniq_grinder, uniq_menkaure
D:5:      grunt_dithmenos_smoke, lemuel_crystal_altar,
          nicolae_overflow_hidden_temple, minmay_holes,
          hangedman_abyss_or_decor_slice, kennysheep_crisscross
D:6:      corexii_shack_village, nicolae_lava_and_water, uniq_crazy_yiuf_cottage
D:7:      gammafunk_temple_overflow_statue
D:8:      kennysheep_mini_moat, uniq_grum
D:9:      hiddenorc2_lemuel
D:10:     minmay_lair_entry_lava
Temple:   nicolae_temple_hex_pool
Lair:1:   infiniplex_staircase_pool_2

Skill      XL: |  1  2  3  4  5  6  7  8  9 10 11 12 |
---------------+-------------------------------------+-----
Hexes          | 4 5 6 7 8 9 |  9.0
Spellcasting   | 2 3 4 5 7 8 |  8.0
Dodging        | 4 5 6 7 8 10 12 | 12.1
Crossbows      | 3 4 5 6 7 9 10 | 10.5
Short Blades   | 3 4 |  4.1
Fighting       | 3 5 |  5.8
Invocations    | 2 4 |  4.8
Stealth        | 9 |  9.8
Translocations | 3 |  3.6

Action                   |  1- 3 |  4- 6 |  7- 9 | 10-12 || total
-------------------------+-------+-------+-------+-------++-------
Melee: Unarmed           |     1 |       |       |       ||     1
       Short sword       |       |       |    80 |       ||    80
       Falchion          |       |       |   233 |   525 ||   758
       Dagger            |       |       |       |    60 ||    60
       Quick blade       |       |       |       |     3 ||     3
       Punch             |       |       |       |     1 ||     1
 Fire: Hunting sling     |   163 |   152 |   162 |       ||   477
       Hand crossbow     |     8 |    26 |   108 |   239 ||   381
 Cast: Corona            |    26 |    28 |    52 |    20 ||   126
       Slow              |     2 |     8 |    26 |    62 ||    98
       Inner Flame       |       |       |     6 |     7 ||    13
       Apportation       |       |       |       |     3 ||     3
Invok: Heroism           |       |       |     1 |     2 ||     3
Evoke: Wand              |       |       |    10 |     7 ||    17
  Use: Scroll            |       |     4 |    10 |     9 ||    23
       Potion            |       |     3 |     4 |     8 ||    15
 Stab: Sleeping          |       |       |       |     5 ||     5
       Paralysed         |       |       |       |     3 ||     3
  Eat: Bread ration      |       |     1 |     1 |     3 ||     5
Armor: Robe              |    23 |    13 |    45 |    62 ||   143
Dodge: Dodged            |   103 |    73 |   445 |   646 ||  1267
Block: Other             |       |       |    14 |    33 ||    47
       Reflection        |       |       |       |     2 ||     2
       Rpst.: Falchion   |       |       |    62 |   153 ||   215
